 Dungeon Crawl Stone Soup version 0.21.0-3-g78d12a8 (webtiles) character file.

5014 sagitran the Cudgeler (level 10, -4/80 HPs)
             Began as a Yellow Draconian Ice Elementalist on Jan 7, 2018.
             Was a Priest of Nemelex Xobeh.
             Slain by a fire crab (9 damage)
             ... on level 9 of the Dungeon on Jan 8, 2018.
             The game lasted 00:56:15 (8949 turns).

sagitran the Cudgeler (DrIE)                        Turns: 8949, Time: 00:56:19

Health: -4/80      AC:  9    Str: 10    XL:     10   Next: 30%
Magic:  17/17      EV: 12    Int: 19    God:    Nemelex Xobeh [***...]
Gold:   330        SH:  8    Dex: 12    Spells: 4/18 levels left

rFire    . . .     SeeInvis .   y - +2 hand axe (venom)
rCold    . . .     Gourm    .   x - +0 shield
rNeg     . . .     Faith    .   (armour unavailable)
rPois    .         Spirit   .   (helmet restricted)
rElec    .         Reflect  .   h - +0 cloak (curse)
rCorr    +         Harm     .   c - +0 pair of gloves
MR       .....                  (no boots)
Stlth    +++.......             P - amulet of rage
HPRegen  0.23/turn              E - ring of flight
MPRegen  0.15/turn              (no ring)

@: no status effects
A: spit acid, acid resistance, unfitting armour, cold-blooded, AC +7
a: Breathe Acid, Triple Draw, Renounce Religion, Evoke Berserk Rage, Evoke
Flight


You were on level 9 of the Dungeon.
You worshipped Nemelex Xobeh.
Nemelex Xobeh was most pleased with you.
You were not hungry.

You visited 1 branch of the dungeon, and saw 9 of its levels.

You collected 330 gold pieces.

Inventory:

Hand Weapons
 y - a +2 hand axe of venom (weapon)
 B - a +1 whip of flaming
 C - a +1 antimagic dagger
 F - a +1 mace of crushing
 M - a +2 hunting sling of flaming
Missiles
 g - 4 javelins (quivered)
 n - 109 sling bullets
 H - 13 tomahawks
 U - a throwing net
Armour
 c - a +0 pair of gloves (worn)
 h - a cursed +0 cloak (worn)
 x - a +0 shield (worn)
 J - a +0 buckler
Jewellery
 E - a ring of flight (left hand)
 P - an amulet of rage (around neck)
 R - a +2 ring of strength {unknown}
 W - the amulet "Gotaifas" {Reflect MR+ Dex+4 SH+2 SInv, unknown}
   (You found it on level 8 of the Dungeon)

   [amulet of reflection]

   It shields you and reflects attacks.
   It affects your dexterity (+4).
   It affects your resistance to hostile enchantments.
   It lets you see invisible.
   It affects your SH (+2).
Wands
 e - a wand of scattershot (8)
 O - a wand of enslavement (24)
 X - a wand of random effects (16)
 Z - a wand of digging (9)
Scrolls
 d - a scroll of magic mapping {unknown}
 f - 5 scrolls of amnesia {unknown}
 o - 2 scrolls of enchant weapon {unknown}
 p - 2 scrolls of identify
 w - 2 scrolls of fog {unknown}
 A - 4 scrolls of fear
 D - 4 scrolls of remove curse
 I - a scroll of noise {unknown}
 K - a scroll of random uselessness {unknown}
 L - 2 scrolls of immolation
 N - a scroll of enchant armour {unknown}
 Y - 2 scrolls of blinking {unknown}
Potions
 l - 3 potions of invisibility {unknown}
 m - a potion of berserk rage {unknown}
 q - 2 potions of brilliance
 r - a potion of resistance {unknown}
 s - 2 potions of haste {unknown}
 t - 3 potions of agility
 u - 2 potions of mutation {unknown}
 v - a potion of ambrosia {unknown}
 z - 4 potions of might {unknown}
 G - a potion of flight {unknown}
Books
 a - a book of Frost

   Spells                             Type                      Level
   a - Freeze                         Ice                          1
   b - Throw Frost                    Conjuration/Ice              2
   c - Ozocubu's Armour               Charms/Ice                   3
   d - Throw Icicle                   Conjuration/Ice              4
   e - Summon Ice Beast               Ice/Summoning                4
 T - a book of Necromancy

   Spells                             Type                      Level
   a - Pain                           Necromancy                   1
   b - Animate Skeleton               Necromancy                   1
   c - Vampiric Draining              Necromancy                   3
   d - Regeneration                   Charms/Necromancy            3
   e - Animate Dead                   Necromancy                   4
   f - Borgnjor's Vile Clutch         Necromancy/Earth             5
Miscellaneous
 i - a plain deck of summoning {drawn: 5}
 j - a plain deck of destruction {drawn: 1}
 Q - an ornate deck of summoning {drawn: 1}
Comestibles
 b - 8 rations


   Skills:
 + Level 4.7 Fighting
 + Level 0.1 Short Blades
 + Level 7.1 Maces & Flails
 + Level 1.3 Slings
 + Level 5.7 Dodging
 + Level 5.6 Stealth
 + Level 2.7 Shields
 + Level 0.1 Unarmed Combat
 + Level 4.7 Spellcasting
 + Level 3.6 Conjurations
 + Level 1.0 Charms
 + Level 5.5 Ice Magic
 + Level 4.8 Invocations
 + Level 0.2 Evocations


You had 4 spell levels left.
You knew the following spells:

 Your Spells              Type           Power        Failure   Level  Hunger
a - Freeze                Ice            ####         6%          1    None
b - Throw Frost           Conj/Ice       ###...       14%         2    #......
c - Ozocubu's Armour      Chrm/Ice       ###.....     43%         3    ##.....
d - Throw Icicle          Conj/Ice       ###.....     67%         4    ####...
e - Summon Ice Beast      Ice/Summ       ###.....     89%         4    ####...


Dungeon Overview and Level Annotations

Branches:
Dungeon (9/15)             Temple (0/1) D:4
   Lair: D:8-11         Orc: D:9-12

Altars:
Cheibriados
Dithmenos
Elyvilon
Gozag
Kikubaaqudgha
Makhleb
Nemelex Xobeh
Okawaru
Ru
Trog
Uskayaw
Wu Jian
Yredelemnul

Shops:
D:9 %


Innate Abilities, Weirdness & Mutations

You can spit globs of acid.
You are resistant to acid.
Your golden yellow scales are hard. (AC +7)
You cannot fit into any form of body armour.
You are cold-blooded and may be slowed by cold attacks.


Message History

The fire crab is moderately wounded.
The fire crab breathes flames at you. The blast of flame engulfs you!
Evoke which item? (* to show all) (? for menu, Esc to quit)
Aiming: Random Effects
Press: ? - help, Shift-Dir - straight line, f/p - fire crab
Aim: a fire crab (flame, moderately wounded, misshapen and mutated)
The fireball explodes!
The fireball engulfs the fire crab.
The fire crab completely resists.
The fire crab is moderately wounded.
The fireball engulfs you!
The fireball engulfs the ufetubus.
The ufetubus is burned terribly!
You kill the ufetubus!
You are engulfed in blazing flames.
* * * LOW HITPOINT WARNING * * *
You block the fire crab's attack. The fire crab claws you!
* * * LOW HITPOINT WARNING * * *
You are engulfed in flames!
You die...
Your body disappears without a glow.

#.###
##.###........# ..#
#.# #.###.....#..#
..# #.#
#......##.).# #.#
#. ####...##.∩.#
#.# ...#.##.).# #5#
...###.##.#.#####
#.# ###
#..........# #.#
###§§§.....# #.#
#§@t.....# #.#
#§§§.....####O#
#.......).†)#.###
#........##..)..#
#........####...###
#........# #.....#
#........# #.....#
########## #.....#
#######


You could see a fire crab.

Vanquished Creatures
  A two-headed ogre (D:8)
  Joseph (D:7)
  A hippogriff (D:6)
  Menkaure (D:6)
  A hungry ghost (D:8)
  A sky beast (D:8)
  An ice beast (D:7)
  3 ogres
  A crocodile (D:7)
  7 bullfrogs
  A scorpion (D:4)
  5 killer bees
  2 wights (D:8)
  2 crimson imps
  A centaur skeleton (D:6)
  2 jellies
  6 hounds
  2 bullfrog skeletons
  A bullfrog zombie (D:5)
  6 orc priests
  An iguana (D:6)
  3 worker ants
  7 orc wizards
  A howler monkey skeleton (D:4)
  6 adders
  2 shadow imps (D:5)
  An ufetubus (D:9)
  2 oozes
  An adder zombie (D:6)
  An adder skeleton (D:4)
  3 dart slugs
  3 worms
  3 leopard geckos
  16 orcs
  A ball python (D:2)
  3 giant cockroaches
  7 goblins
  5 hobgoblins
  5 jackals
  5 quokkas
  2 bats
  4 frilled lizards
  A jackal skeleton (D:4)
  8 kobolds
  4 rats
141 creatures vanquished.

Vanquished Creatures (collateral kills)
  A two-headed ogre (D:6)
  Psyche (D:8)
  The ghost of Squigly the Magician, an amateur DEFE (D:3)
  An orc warrior (D:8)
  A sky beast (D:7)
  An ogre (D:8)
  2 bullfrogs (D:6)
  2 wights (D:8)
  A crimson imp (D:5)
  A centaur zombie (D:6)
  2 hounds (D:6)
  2 worker ants
  A hound skeleton (D:6)
  An adder (D:6)
  An orc (D:8)
  A quokka (D:6)
20 creatures vanquished.

Vanquished Creatures (others)
  Pikel (D:6)
  A troll (D:9)
  Grinder (D:6)
  An orc warrior (D:9)
  3 slaves (D:6)
  2 centaurs
  A big kobold (D:9)
  A bullfrog (D:9)
  A scorpion (D:9)
  An orc wizard (D:9)
  2 worker ants (D:9)
  An adder (D:6)
  A fire vortex (D:6)
17 creatures vanquished.

Grand Total: 178 creatures vanquished

Notes
Turn   | Place    | Note
-------+----------+-------------------------------------------
     0 | D:1      | sagitran the Draconian Ice Elementalist began the quest for the Orb.
     0 | D:1      | Reached XP level 1. HP: 14/14 MP: 3/3
   245 | D:1      | Reached XP level 2. HP: 20/20 MP: 5/5
   249 | D:1      | Learned a level 2 spell: Throw Frost
  1001 | D:2      | Reached XP level 3. HP: 26/26 MP: 6/6
  1058 | D:2      | Noticed a bullfrog
  1190 | D:2      | Reached skill level 1 in Maces & Flails
  1260 | D:2      | Learned a level 3 spell: Ozocubu's Armour
  1273 | D:2      | Found a basalt altar of Yredelemnul.
  1274 | D:2      | Found a white marble altar of Elyvilon.
  1345 | D:2      | Killed a bullfrog
  1345 | D:2      | Reached skill level 1 in Fighting
  1345 | D:2      | Reached skill level 2 in Maces & Flails
  1345 | D:2      | Reached XP level 4. HP: 21/35 MP: 1/7
  1420 | D:2      | Found a hide-covered altar of Uskayaw.
  1591 | D:3      | Found a sacrificial altar of Ru.
  1647 | D:3      | Noticed Squigly's ghost (amateur DEFE)
  1711 | D:3      | Found a sparkling altar of Nemelex Xobeh.
  1719 | D:3      | Became a worshipper of Nemelex Xobeh the Trickster
  1989 | D:3      | Received a gift from Nemelex Xobeh
  1995 | D:3      | Reached XP level 5. HP: 30/40 MP: 8/8
  2201 | D:3      | Killed Squigly's ghost
  2415 | D:4      | Reached skill level 1 in Invocations
  2434 | D:4      | Reached XP level 6. HP: 40/47 MP: 9/9
  2681 | D:4      | Reached skill level 1 in Charms
  2703 | D:4      | Reached skill level 3 in Maces & Flails
  3411 | D:4      | Found a staircase to the Ecumenical Temple.
  3429 | D:4      | Your scales start taking on a golden yellow colour.
  3429 | D:4      | Reached XP level 7. HP: 48/53 MP: 10/10
  3493 | D:5      | Entered Level 5 of the Dungeon
  3724 | D:5      | Received a gift from Nemelex Xobeh
  3820 | D:5      | Reached * piety under Nemelex Xobeh
  4129 | D:5      | Found an iron altar of Okawaru.
  4131 | D:5      | Found an ornate altar of the Wu Jian Council.
  4213 | D:5      | Reached skill level 1 in Slings
  4338 | D:6      | Reached skill level 4 in Maces & Flails
  4367 | D:6      | Noticed Grinder
  4378 | D:6      | Paralysed by Grinder for 6 turns
  4383 | D:6      | Noticed Pikel
  4387 | D:6      | Noticed a two-headed ogre
  4388 | D:6      | Killed Pikel
  4388 | D:6      | Reached skill level 1 in Shields
  4388 | D:6      | Reached XP level 8. HP: 46/62 MP: 10/12
  4391 | D:6      | Killed Grinder
  4391 | D:6      | Reached skill level 5 in Maces & Flails
  4395 | D:6      | Noticed Menkaure
  4395 | D:6      | Killed a two-headed ogre
  4395 | D:6      | Reached skill level 5 in Stealth
  4395 | D:6      | Reached XP level 9. HP: 53/70 MP: 13/13
  4401 | D:6      | Found a burning altar of Makhleb.
  4406 | D:6      | Killed Menkaure
  4686 | D:6      | Received a gift from Nemelex Xobeh
  5076 | D:7      | Reached skill level 6 in Maces & Flails
  5104 | D:7      | Noticed Joseph
  5195 | D:7      | Killed Joseph
  5453 | D:7      | Found an ancient bone altar of Kikubaaqudgha.
  5489 | D:7      | Learned a level 4 spell: Throw Icicle
  5494 | D:7      | Learned a level 4 spell: Summon Ice Beast
  5514 | D:7      | Reached skill level 5 in Dodging
  5580 | D:7      | Reached ** piety under Nemelex Xobeh
  5580 | D:7      | Received a gift from Nemelex Xobeh
  5874 | D:7      | Reached skill level 5 in Ice Magic
  6067 | D:7      | Found an opulent altar of Gozag.
  6263 | D:7      | Received a gift from Nemelex Xobeh
  6623 | D:8      | Got an ancient graven amulet
  6757 | D:8      | Upgraded the game from 0.21.0 to 0.21.0-3-g78d12a8
  6789 | D:8      | Noticed a two-headed ogre
  6798 | D:8      | Killed a two-headed ogre
  6798 | D:8      | Reached XP level 10. HP: 50/79 MP: 12/16
  7036 | D:8      | Noticed a worldbinder
  7036 | D:8      | Noticed a worldbinder
  7039 | D:8      | Noticed a merfolk siren
  7168 | D:8      | Noticed Psyche
  7204 | D:8      | Killed Psyche
  7413 | D:8      | Found a bloodstained altar of Trog.
  7441 | D:8      | Reached skill level 7 in Maces & Flails
  7598 | D:8      | Found a shadowy altar of Dithmenos.
  7919 | D:9      | Found a snail-covered altar of Cheibriados.
  7984 | D:9      | Reached *** piety under Nemelex Xobeh
  7984 | D:9      | Received a gift from Nemelex Xobeh
  8104 | D:8      | HP: 4/80 [killer bee (4)]
  8818 | D:9      | Found Moakucuu's Food Boutique.
  8913 | D:9      | Noticed a two-headed ogre
  8947 | D:9      | Noticed a fire crab
  8947 | D:9      | a two-headed ogre changed into a fire crab
  8949 | D:9      | Slain by a fire crab

Skill      XL: |  1  2  3  4  5  6  7  8  9 10 |
---------------+-------------------------------+-----
Dodging        | 2 3 4 5 |  5.7
Stealth        | 2 3 4 5 |  5.6
Maces & Flails | 2 3 4 5 6 7 |  7.1
Fighting       | 1 2 3 4 |  4.7
Invocations    | 1 3 4 |  4.8
Charms         | 1 |  1.0
Ice Magic      | 4 5 |  5.5
Slings         | 1 |  1.3
Conjurations   | 2 3 |  3.6
Shields        | 1 2 |  2.7
Spellcasting   | 3 4 |  4.7
Short Blades   | |  0.1
Unarmed Combat | |  0.1
Evocations     | |  0.2

Action                   |  1- 3 |  4- 6 |  7- 9 | 10-12 || total
-------------------------+-------+-------+-------+-------++-------
Melee: Dagger            |    23 |       |       |       ||    23
       Unarmed           |     3 |       |       |       ||     3
       Mace              |    14 |       |       |    13 ||    27
       Tailslap          |     8 |     7 |    28 |    14 ||    57
       Whip              |    67 |   110 |   276 |   160 ||   613
       Hand axe          |       |       |       |     2 ||     2
 Fire: Hunting sling     |       |     4 |     2 |    19 ||    25
Throw: Javelin           |     1 |       |       |       ||     1
 Cast: Throw Frost       |     5 |     7 |    18 |     3 ||    33
       Freeze            |     3 |    10 |    31 |     8 ||    52
       Ozocubu's Armour  |     1 |       |       |       ||     1
 Abil: Breathe Acid      |       |       |     1 |       ||     1
       Evoke Berserk Rag |       |       |     1 |       ||     1
Evoke: Deck              |       |     6 |    22 |     9 ||    37
       Wand              |       |       |     1 |     1 ||     2
  Use: Scroll            |     3 |     5 |     2 |     1 ||    11
       Potion            |       |     1 |     4 |     5 ||    10
 Stab: Sleeping          |     6 |     7 |     3 |     3 ||    19
  Eat: Chunk             |     2 |     7 |     6 |     2 ||    17
       Ration            |       |       |     2 |     2 ||     4
Armor: Skin              |    42 |    32 |    90 |    57 ||   221
Dodge: Dodged            |    74 |    58 |   174 |    91 ||   397
Block: Buckler           |       |       |    51 |       ||    51
       Shield            |       |       |     2 |    73 ||    75
